Unix NetHack Version 5.0.0-0 post-release - last build May 31 2026 23:59:36 (970b52f25bf058293b47ddfd14a1e40e571c508c,branch:main).

Game began 2026-06-09 10:04:43, ended 2026-06-09 10:13:31.

LDaviesPeters, neutral female human Archeologist

                                 -..
                                -...|
                               .....-- ----.
                               ......---.<.|
                               ..)G....*..--
                                ..@.......-
                                 ..[ ...

LDaviesPeters the Field Worker  St:11 Dx:10 Co:18 In:13 Wi:18 Ch:8  Neutral
Dlvl:4  $:0  HP:0(25) Pw:8(8) AC:8  Xp:3 T:1116 

Latest messages:
 You start digging.
 You hit the rock with all your might.
 You make an opening in the wall.
 What do you want to wield? [- apt or ?*] a
 a - a +2 bullwhip (weapon in right hand).
 p - a +0 pick-axe (alternate weapon; not wielded).
 You decipher the label on your scroll labeled ELAM EBOW.
 w - a scroll of teleportation.
 You swap places with your kitten.
 You find a hidden door.
 The door opens.
 You miss the lichen.
 You kill the lichen!
 You see here a brilliant blue potion.
 x - a brilliant blue potion.
 You see here a food ration.
 You learn more about your items by comparing them.
 d - an uncursed food ration (3 in total).
 Pick a monster, object or location.
 F        a fungus or mold or a statue (a statue of a green mold)
 You find an anti-magic field.
 What do you want to use or apply? [abfgpr or ?*] b
 You put 9 gold pieces into the sack.
 You put a brilliant blue potion into the sack.
 With great effort you move the boulder.
 The door resists!
 The door opens.
 You descend the stairs.
 You see here a yellow gem.
 y - a yellow gem.
 What do you want to use or apply? [abfgpr or ?*] g
 What do you want to rub on the stone? [y or ?*] y
 y - a worthless piece of yellow glass.
 What do you want to drop? [a-df-hlnpr-twy or ?*] y
 You drop a worthless piece of yellow glass.
 It is hit.
 You are hit by an arrow!
 You are hit by a dagger.
 The dwarf hits!
 You kill the dwarf!
 Welcome to experience level 3.
 You miss the gnome.
 You are hit by a poisoned dart.
 The gnome misses!
 You miss the gnome.
 You are hit by a poisoned dart.
 The gnome hits!
 You die...
 Do you want your possessions identified? [ynq] (y) y
 Do you want to see your attributes? [ynq] (y) q

Inventory:
 Weapons  (')')
  t - a +0 orcish dagger
  a - a +2 bullwhip (weapon in right hand)
 Armor    ('[')
  c - an uncursed +0 fedora
  n - an uncursed +0 helm of brilliance (being worn)
  l - a cursed -1 pair of gauntlets of fumbling named Cursed
  h - an uncursed +0 leather jacket (being worn)
 Comestibles  ('%')
  d - 3 uncursed food rations
 Scrolls  ('?')
  w - an uncursed scroll of teleportation
 Rings    ('=')
  s - an uncursed ring of teleport control (on left hand)
 Wands    ('/')
  r - a wand of light (0:11)
 Tools    ('(')
  b - an uncursed sack containing 8 items
  p - a +0 pick-axe (alternate weapon; not wielded)
  f - a tinning kit (0:60)
 Gems/Stones  ('*')
  g - an uncursed touchstone

Contents of the sack:
  46 gold pieces
  2 uncursed scrolls of identify
  2 uncursed scrolls of light
  an uncursed potion of booze
  an uncursed potion of hallucination
  an uncursed potion of healing
  an uncursed potion of monster detection
  an uncursed potion of speed

LDaviesPeters the Archeologist's attributes:

Background:
 You were a Field Worker, a level 3 female human Archeologist.
 You were neutral, nominally on a mission for Camaxtli
 who was opposed by Quetzalcoatl (lawful) and Huhetotl (chaotic).
 You were right-handed.
 You were in the Gnomish Mines, on level 4.
 You entered the dungeon 1116 turns ago.
 You had 44 experience points, 36 more were needed to attain level 4.

Basics:
 You had 0 out of 25 hit points.
 You had all 8 energy points (spell power).
 Your armor class was 8.
 Your wallet was empty, but
 you had 46 zorkmids stashed away in your pack.
 Autopickup was off.

Final Characteristics:
 Your strength was 11 (limit:18/100).
 Your dexterity was 10 (limit:18).
 Your constitution was 18 (limit:18).
 Your intelligence was 13 (limit:18).
 Your wisdom was 18 (limit:18).
 Your charisma was 8 (limit:18).

Final Status:
 You weren't hungry.
 You were unencumbered.
 You were wielding a whip.
 You had basic skill with whip.

Final Attributes:
 You were devoutly aligned.
 You had automatic searching.
 You had teleport control.
 You are dead.

Miscellaneous:
 You didn't encounter any bones levels.
 Total elapsed playing time was 8 minutes and 48 seconds.

Major events:
 Turn
    1: LDaviesPeters the neutral female human Archeologist entered the dungeon
 1097: entered the Gnomish Mines
 1114: attained the rank of Field Worker (level 3)
 1116: killed by a gnome

You didn't know any spells.

Skills:
 Fighting Skills
   bare handed combat [Unskilled]
   two weapon combat  [Unskilled]
   riding             [Unskilled]
 Weapon Skills
   dagger             [Unskilled]
   knife              [Unskilled]
   pick-axe           [Basic]
   short sword        [Unskilled]
   saber              [Unskilled]
   club               [Unskilled]
   quarterstaff       [Unskilled]
   sling              [Unskilled]
   dart               [Unskilled]
   boomerang          [Unskilled]
   whip               [Basic]
   unicorn horn       [Unskilled]
 Spellcasting Skills
   attack spells      [Unskilled]
   healing spells     [Unskilled]
   divination spells  [Unskilled]
   matter spells      [Unskilled]

Voluntary challenges:
 Character rerolling was not enabled.
 You were an atheist.
 You never genocided any monsters.
 You never polymorphed an object.
 You never changed form.
 You used no wishes.
Achievements:
 You entered the Gnomish Mines.
 You attained the rank of Field Worker.

 The Dungeons of Doom: levels 1 to 4
    Level 1:
    Level 2:
    Level 3:
       Stairs down to The Gnomish Mines.
    Level 4:
 The Gnomish Mines:
    Level 4: <- You were here.
       Final resting place for
          you, killed by a gnome.


Vanquished creatures:
  a dwarf
  4 jackals
  a fox
  a kobold
  a goblin
  7 grid bugs
  3 lichens
  2 newts
20 creatures vanquished.

No species were genocided or became extinct.

Game over:
                       ----------
                      /          \
                     /    REST    \
                    /      IN      \
                   /     PEACE      \
                  /                  \
                  |  LDaviesPeters   |
                  |      46 Au       |
                  |   killed by a    |
                  |      gnome       |
                  |                  |
                  |                  |
                  |       2026       |
                 *|     *  *  *      | *
        _________)/\\_//(\/(/\)/\//\/|_)_______

Goodbye LDaviesPeters the Archeologist...

You died in The Gnomish Mines on dungeon level 4 with 378 points,
and 46 pieces of gold, after 1116 moves.
You were level 3 with a maximum of 25 hit points when you died.

